[Event "FIDE World Rapid Chess Championship 2021"]
[White "Cuenca Jimenez, Jose Fernando"]
[Black "Tologontegin, Semetey"]
[WhiteFideId "2255570"]
[BlackFideId "13800574"]
[WhiteElo "2421"]
[BlackElo "2300"]
[Result "1/2-1/2"]
[Round "03"]
[TimeControl "900+10"]
[Date "2021.12.26"]
[WhiteClock "0:09:15"]
[BlackClock "0:08:03"]

1. e4 c5 2. Nf3 d6 3. d4 cxd4 4. Nxd4 Nf6 5. Nc3 a6 6. a4 g6 7. Be2 Bg7 8. Be3 Nc6 9. Nxc6 bxc6 10. e5 dxe5 11. Qxd8+ Kxd8 12. a5 Nd5 13. O-O-O e6 14. Na4 Kc7 15. Bc5 Bf8 16. c4 Bxc5 17. Nxc5 Nf6 18. Na4 Rb8 1/2-1/2


[Site "http://www.Chess.com"]

[Event "FIDE World Rapid Chess Championship 2021"]
[White "Kanarek, Marcel"]
[Black "Sadzikowski, Daniel"]
[WhiteFideId "1126822"]
[BlackFideId "1132253"]
[WhiteElo "2296"]
[BlackElo "2414"]
[Result "1-0"]
[Round "03"]
[TimeControl "900+10"]
[Date "2021.12.26"]
[WhiteClock "0:00:23"]
[BlackClock "0:00:12"]

1. Nf3 Nf6 2. g3 d5 3. Bg2 c6 4. O-O Bf5 5. d3 e6 6. Nbd2 h6 7. Re1 Bh7 8. b3 Be7 9. Bb2 a5 10. a3 O-O 11. e4 a4 12. b4 c5 13. b5 Nbd7 14. c4 dxc4 15. dxc4 Nb6 16. Qe2 Qc7 17. e5 Nfd7 18. Ne4 Rfd8 19. h4 Nf8 20. Rac1 Rd7 21. Qe3 Bxe4 22. Qxe4 Rad8 23. Bc3 Qb8 24. Nh2 h5 25. Bf3 g6 26. g4 hxg4 27. Nxg4 Rd4 28. Bxd4 Rxd4 29. Qe2 Bxh4 30. Red1 Rf4 31. Kg2 Nbd7 32. Rc3 Bg5 33. Rh1 Rf5 34. Be4 Rf4 35. Rch3 Kg7 36. Bd3 Qc7 37. Rh8 Qa5 38. R8h3 Qc3 39. Rg3 Qd4 40. Rd1 Bh4 41. Bxg6 Qxc4 42. Bd3 Qd5+ 43. Kh3 Bxg3 44. fxg3 Rd4 45. Qe3 Rxg4 46. Kxg4 Nxe5+ 47. Kh3 Neg6 48. Be2 Qf5+ 49. Bg4 Qc2 50. Rc1 Qb3 51. Qxc5 Nf4+ 52. Kh2 Nd5 53. Qd4+ f6 54. Bh3 Qxb5 55. Bg2 Ne7 56. Rc7 Ng6 57. Rxb7 Qh5+ 58. Kg1 Kf7 59. Qxa4 Qc5+ 60. Kf1 Qc1+ 61. Ke2 Ne5 62. Qe4 Ke8 63. Rb8+ Kd7 64. Qb7+ Kd6 65. Rd8+ 1-0


[Site "http://www.Chess.com"]

[Event "FIDE World Rapid Chess Championship 2021"]
[White "Alekseenko, Kirill"]
[Black "Duda, Jan-Krzysztof"]
[WhiteFideId "4135539"]
[BlackFideId "1170546"]
[WhiteElo "2637"]
[BlackElo "2801"]
[Result "0-1"]
[Round "04"]
[TimeControl "900+10"]
[Date "2021.12.26"]
[WhiteClock "0:02:38"]
[BlackClock "0:00:35"]

1. e4 e5 2. Nf3 Nc6 3. Bb5 a6 4. Ba4 Nf6 5. Nc3 b5 6. Bb3 Be7 7. O-O d6 8. a3 Bg4 9. h3 Bxf3 10. Qxf3 Nd4 11. Qd1 Nxb3 12. cxb3 d5 13. d3 O-O 14. Qf3 Qd6 15. Bg5 d4 16. Ne2 Nd7 17. Bxe7 Qxe7 18. Rac1 c5 19. Ng3 g6 20. Qg4 Rac8 21. Rc2 Rc6 22. Rfc1 Rfc8 23. Ne2 Qd6 24. f4 c4 25. bxc4 bxc4 26. Rxc4 Rxc4 27. Rxc4 Rxc4 28. dxc4 d3 29. Nc3 Qd4+ 30. Kf1 d2 31. Ke2 Nc5 32. Qf3 Nxe4 33. Kd1 Qg1+ 34. Kc2 Qc1+ 0-1


[Site "http://www.Chess.com"]

[Event "FIDE World Rapid Chess Championship 2021"]
[White "Grischuk, Alexander"]
[Black "Gareyev, Timur"]
[WhiteFideId "4126025"]
[BlackFideId "14200937"]
[WhiteElo "2763"]
[BlackElo "2578"]
[Result "1/2-1/2"]
[Round "04"]
[TimeControl "900+10"]
[Date "2021.12.26"]
[WhiteClock "0:00:46"]
[BlackClock "0:00:33"]

1. e4 e5 2. Nf3 Nc6 3. Bb5 a6 4. Ba4 Nf6 5. O-O Bc5 6. c3 b5 7. Bb3 d6 8. d4 Bb6 9. Be3 Bg4 10. dxe5 dxe5 11. Qxd8+ Rxd8 12. Bxb6 cxb6 13. Nbd2 O-O 14. Rfe1 Rfe8 15. h3 Be6 16. a4 Bxb3 17. Nxb3 bxa4 18. Rxa4 a5 19. Raa1 h6 20. Nbd2 b5 21. c4 Rb8 22. Re3 Re6 23. cxb5 Rxb5 24. Nc4 g6 25. g3 Kg7 26. Kg2 Rc5 27. Ra4 Rb5 28. Ra1 Nd7 29. Rc1 Rb4 30. Ne1 Nb6 31. Nxb6 Rxb6 32. Nd3 Rd6 33. Rc3 a4 34. Re1 Rb3 35. Rec1 Rxd3 36. Rxd3 Rxd3 37. Rxc6 Rd4 38. Kf3 Rb4 39. Ra6 Rb3+ 40. Kg2 Rxb2 41. Rxa4 1/2-1/2


[Site "http://www.Chess.com"]

[Event "FIDE World Rapid Chess Championship 2021"]
[White "Muradli, Mahammad"]
[Black "Jobava, Baadur"]
[WhiteFideId "13409301"]
[BlackFideId "13601520"]
[WhiteElo "2285"]
[BlackElo "2679"]
[Result "0-1"]
[Round "04"]
[TimeControl "900+10"]
[Date "2021.12.26"]
[WhiteClock "0:00:08"]
[BlackClock "0:00:24"]

1. c4 Nf6 2. Nc3 e6 3. e4 d5 4. cxd5 exd5 5. e5 Ne4 6. Nf3 c6 7. d3 Nxc3 8. bxc3 Be7 9. d4 Bf5 10. Bd3 Qc8 11. O-O O-O 12. Re1 Re8 13. Bg5 Bf8 14. Re3 Na6 15. Nh4 Bxd3 16. Qxd3 c5 17. Rg3 cxd4 18. cxd4 Nb4 19. Qf3 Re6 20. Bf6 Rc6 21. Qf4 g6 22. a3 Na2 23. Re1 Rc1 24. Re3 Rxe1+ 25. Rxe1 Nc3 26. g4 Ne4 27. Rxe4 dxe4 28. d5 e3 29. fxe3 Qc1+ 30. Kg2 Qd2+ 31. Kg3 Qxd5 32. Nf5 Qc5 33. Qg5 Re8 34. Kg2 Re6 35. Nh6+ Bxh6 36. Qxh6 Qf8 37. Qf4 Qxa3 38. Qd4 Re8 39. Qd7 Qa2+ 40. Kg3 Qe6 41. Qxb7 a6 42. Qb4 h6 43. Qf4 Kh7 44. h4 Rc8 45. h5 g5 46. Qe4+ Kg8 47. Qb7 Rc4 48. Qa8+ Qc8 49. Qf3 a5 50. e6 Qxe6 51. Bd4 a4 52. Qa8+ Qc8 53. Qf3 Qd8 54. Qe4 a3 55. Qd3 Qc7+ 56. Kh3 Rc2 57. Be5 Qxe5 58. Qxc2 Qxe3+ 59. Kg2 Qd4 0-1


[Site "http://www.Chess.com"]

[Event "FIDE World Rapid Chess Championship 2021"]
[White "Svane, Rasmus"]
[Black "Giri, Anish"]
[WhiteFideId "4657101"]
[BlackFideId "24116068"]
[WhiteElo "2677"]
[BlackElo "2767"]
[Result "0-1"]
[Round "04"]
[TimeControl "900+10"]
[Date "2021.12.26"]
[WhiteClock "0:01:28"]
[BlackClock "0:01:25"]

1. Nf3 c5 2. c4 Nf6 3. Nc3 e6 4. e3 Nc6 5. d4 d5 6. cxd5 Nxd5 7. Bd3 Be7 8. O-O O-O 9. a3 cxd4 10. exd4 Bf6 11. Bc2 Nce7 12. Qd3 Ng6 13. Ne4 b6 14. Neg5 a5 15. Qe4 Ba6 16. Re1 Rc8 17. h4 Bxg5 18. Bxg5 Nf6 19. Bxf6 gxf6 20. Bb3 f5 21. Qe3 Nxh4 22. d5 exd5 23. Nxh4 Qxh4 24. Qxb6 Rb8 25. Qxa6 Rxb3 26. Qxa5 Rxb2 27. Rf1 Rd8 28. Rad1 Ra2 29. Rxd5 Rxd5 30. Qxd5 Rxa3 31. Qxf5 Qd4 32. Qg5+ Kf8 33. Qc1 Ra2 34. Qb1 Rd2 35. Qxh7 Rd1 36. Qh6+ Kg8 37. Rxd1 Qxd1+ 38. Kh2 Qd4 39. Qg5+ Kf8 40. Kg3 f6 41. Qf4 Qd3+ 42. Qf3 Qg6+ 43. Qg4 Qd3+ 44. Kh2 Qd6+ 45. Qg3 Qd4 46. Qf3 Kf7 47. g3 Kg6 48. Kh3 f5 49. Qc6+ Kg7 50. Kg2 Qe5 51. Qc4 Qd6 52. Qb3 Qc6+ 53. Qf3 Qc5 54. Kh3 Kg6 55. Qe2 Qc6 56. f3 Kf7 57. Qd3 Qe6 58. Qc3 Qh6+ 59. Kg2 Qe6 60. Qd2 Kg6 61. Kh3 Kf7 62. Qg5 Qd5 63. Qh5+ Kg7 64. Kh4 Qc4+ 65. Kg5 Qe6 66. Kf4 Qd6+ 67. Kxf5 Qd7+ 68. Kg5 Qd2+ 69. Kg4 Qd4+ 70. Kh3 Qd1 71. Qg5+ Kh7 72. Qf5+ Kg7 73. Qe5+ Kh7 74. Kg4 Qb3 75. Qf5+ Kg7 76. Kh5 Kh8 77. Qf6+ Kh7 78. Qe7+ Kh8 79. Qe5+ Kh7 80. Qf5+ Kh8 81. g4 Qd5 0-1


[Site "http://www.Chess.com"]

[Event "FIDE World Rapid Chess Championship 2021"]
[White "Aronian, Levon"]
[Black "Firouzja, Alireza"]
[WhiteFideId "13300474"]
[BlackFideId "12573981"]
[WhiteElo "2728"]
[BlackElo "2656"]
[Result "1/2-1/2"]
[Round "04"]
[TimeControl "900+10"]
[Date "2021.12.26"]
[WhiteClock "0:00:09"]
[BlackClock "0:00:39"]

1. e4 c6 2. d4 d5 3. exd5 cxd5 4. Bd3 Nf6 5. c3 Bg4 6. Qb3 Qc7 7. h3 Bd7 8. Ne2 Nc6 9. Bf4 e5 10. dxe5 Nxe5 11. Bxe5 Qxe5 12. Nd2 Bc5 13. Nf3 Qd6 14. O-O O-O-O 15. Ned4 Nh5 16. Bf5 Bxf5 17. Nxf5 Qf6 18. N5d4 Nf4 19. Qc2 h5 20. h4 Rhe8 21. g3 Ne6 22. Rad1 Kb8 23. Kg2 a6 24. Qf5 Qxf5 25. Nxf5 g6 26. N5d4 Nxd4 27. cxd4 Bb6 28. Ne5 Re7 29. Rd3 Rc8 30. Re1 Rcc7 31. Ree3 Kc8 32. Rf3 Kb8 33. a4 Ka7 34. b3 Ka8 35. Rf4 a5 36. Rdf3 Bxd4 37. Nxg6 fxg6 38. Rxd4 Red7 39. Rfd3 Rc5 40. b4 axb4 41. Rxb4 Kb8 42. Rb6 Rc6 43. Rb5 d4 44. Rb4 Rcd6 45. f4 Ka7 46. Kf3 Ka6 47. Rb5 Rc6 48. Ke4 Rc4 49. Re5 Rd6 50. f5 Rc1 51. fxg6 Re1+ 52. Kf5 Rxe5+ 53. Kxe5 Rxg6 54. Kxd4 Rg4+ 55. Ke5 Rxa4 56. Kf6 Rg4 1/2-1/2


[Site "http://www.Chess.com"]

[Event "FIDE World Rapid Chess Championship 2021"]
[White "Erigaisi, Arjun"]
[Black "Korobov, Anton"]
[WhiteFideId "35009192"]
[BlackFideId "14105730"]
[WhiteElo "2397"]
[BlackElo "2689"]
[Result "0-1"]
[Round "04"]
[TimeControl "900+10"]
[Date "2021.12.26"]
[WhiteClock "0:00:17"]
[BlackClock "0:02:18"]

1. c4 e6 2. Nc3 d5 3. d4 c6 4. e3 Nd7 5. Nf3 f5 6. Qc2 Nh6 7. Bd3 Bd6 8. c5 Bc7 9. b4 O-O 10. Bb2 Nf7 11. b5 e5 12. Bxf5 e4 13. Nd2 Nxc5 14. dxc5 Bxf5 15. f4 d4 16. exd4 Bxf4 17. O-O-O Ng5 18. Qb3+ Be6 19. d5 cxd5 20. Ne2 d4 21. Qb4 d3 22. Nxf4 Rxf4 23. h4 Qc7 24. Qd4 Rd8 25. Qe3 Rf5 26. Kb1 Qxc5 27. Qxc5 Rxc5 28. hxg5 e3 29. Rhe1 Bg4 30. Nf3 e2 31. Rd2 Bxf3 32. gxf3 Rxg5 33. a4 Rdd5 34. Bc3 Rgf5 35. Kc1 Rxf3 36. Rb2 Rf1 37. Kd2 Rxe1 38. Kxe1 Rf5 39. Kd2 Rf1 40. Kxd3 Rf3+ 41. Kxe2 Rxc3 42. Rd2 Rc7 43. a5 Kf7 44. Rd8 Ke6 45. Ra8 Rc5 46. Rxa7 Rxb5 47. a6 bxa6 48. Rxg7 Rh5 49. Ra7 a5 50. Ra6+ Kd7 51. Kd3 Kc7 52. Kc4 a4 53. Kb4 Rh4+ 54. Kc5 h5 55. Rh6 a3 56. Rh7+ Kd8 57. Ra7 Rh3 58. Kd6 Rd3+ 59. Ke5 h4 60. Ke4 Rb3 61. Rh7 h3 62. Kd4 0-1


[Site "http://www.Chess.com"]

[Event "FIDE World Rapid Chess Championship 2021"]
[White "Sarana, Alexey"]
[Black "Cheparinov, Ivan"]
[WhiteFideId "24133795"]
[BlackFideId "2905540"]
[WhiteElo "2680"]
[BlackElo "2621"]
[Result "1/2-1/2"]
[Round "04"]
[TimeControl "900+10"]
[Date "2021.12.26"]
[WhiteClock "0:01:29"]
[BlackClock "0:00:46"]

1. d4 Nf6 2. c4 e6 3. Nc3 Bb4 4. e3 O-O 5. Bd3 d5 6. a3 Bxc3+ 7. bxc3 c6 8. a4 b6 9. Ba3 Re8 10. Nf3 Ba6 11. cxd5 Bxd3 12. Qxd3 cxd5 13. c4 Nc6 14. O-O dxc4 15. Qxc4 Rc8 16. Qa6 Qd7 17. Rac1 h6 18. h3 Rc7 19. Rc4 Nb8 20. Rxc7 Qxc7 21. Qb5 Rc8 22. Ne5 Qb7 23. a5 Qd5 24. Qxd5 Nxd5 25. axb6 axb6 26. Bd6 Nc6 27. Rc1 Na7 28. Rb1 Nc6 29. Nd3 Na5 30. Bb4 Nxb4 31. Rxb4 Nc4 32. Kf1 Rc6 33. Ke2 f6 34. Ra4 Na5 35. Rb4 Kf7 36. g4 Rc2+ 37. Kd1 Rc6 38. h4 Ke7 39. Rb5 Nc4 40. h5 Nd6 41. Rb2 Ne4 42. f3 Nd6 43. Ra2 Rc7 44. Ra8 Nc4 45. Ke2 e5 46. d5 Nd6 47. e4 Nb5 48. Nb4 Nd4+ 49. Kd3 Rc1 50. Ra7+ Kd6 51. Rxg7 Rf1 52. g5 Rxf3+ 53. Kd2 hxg5 54. h6 Rf2+ 55. Ke3 Re2+ 56. Kd3 Rh2 57. h7 Rh3+ 58. Kd2 g4 59. Na6 Nf3+ 60. Ke2 Ng5 61. Nc7 Rxh7 62. Ne8+ Kc5 63. Rg6 Nxe4 64. d6 Nxd6 65. Nxf6 Rh2+ 66. Ke3 Nc4+ 67. Ke4 Re2+ 68. Kd3 Re3+ 69. Kc2 g3 70. Rg4 b5 71. Ne4+ Kb4 72. Nxg3 Rc3+ 73. Kd1 Kb3 74. Rg8 Rd3+ 75. Ke2 Re3+ 76. Kf2 b4 77. Rc8 Rc3 78. Ne4 Rc2+ 79. Ke1 Ne3 80. Nc5+ Ka2 81. Ra8+ Kb1 82. Nd3 b3 83. Nxe5 Ng2+ 84. Kd1 Ne3+ 85. Ke1 Rc3 86. Kd2 Nd5 87. Rb8 Rh3 88. Nc4 Rh2+ 89. Kd3 Rh3+ 90. Kd4 1/2-1/2


[Site "http://www.Chess.com"]

[Event "FIDE World Rapid Chess Championship 2021"]
[White "Nakamura, Hikaru"]
[Black "Maghsoodloo, Parham"]
[WhiteFideId "2016192"]
[BlackFideId "12539929"]
[WhiteElo "2836"]
[BlackElo "2512"]
[Result "1-0"]
[Round "04"]
[TimeControl "900+10"]
[Date "2021.12.26"]
[WhiteClock "0:01:01"]
[BlackClock "0:00:22"]

1. d4 d5 2. c4 e6 3. Nc3 Bb4 4. cxd5 exd5 5. Bf4 c6 6. e3 Ne7 7. Bd3 Bf5 8. Ne2 O-O 9. O-O Bd6 10. Bxd6 Qxd6 11. b4 a6 12. Na4 Nd7 13. Nc5 Bxd3 14. Qxd3 b5 15. a4 Nb6 16. Ra2 Rfb8 17. Nc3 Nc4 18. Rb1 Nc8 19. Qf5 N8b6 20. Rba1 Qd8 21. Qf4 h6 22. h4 Nd6 23. a5 Nbc4 24. Re2 Nb7 25. Nd3 Qd7 26. Rae1 Re8 27. f3 Re6 28. g4 Rae8 29. Nd1 Qe7 30. Qg3 g5 31. hxg5 hxg5 32. Qh3 Qf6 33. Rh2 Qg7 34. Kf2 Kf8 35. Qh8+ Qxh8 36. Rxh8+ Kg7 37. Rh5 Kf6 38. Reh1 Rg8 39. Rh8 Rxh8 40. Rxh8 Kg7 41. Ra8 Rh6 42. Kg2 Re6 43. Rxa6 Nxe3+ 44. Nxe3 Rxe3 45. Ne5 Nd8 46. Rb6 Ra3 47. a6 Ra4 48. Kf1 f6 49. Nd7 Ne6 50. Rb7 Ra1+ 51. Kf2 Kg6 52. a7 Ra2+ 53. Ke1 Nxd4 54. Nf8+ 1-0


[Site "http://www.Chess.com"]

[Event "FIDE World Rapid Chess Championship 2021"]
[White "Vachier-Lagrave, Maxime"]
[Black "Quparadze, Giga"]
[WhiteFideId "623539"]
[BlackFideId "13602250"]
[WhiteElo "2773"]
[BlackElo "2583"]
[Result "1-0"]
[Round "04"]
[TimeControl "900+10"]
[Date "2021.12.26"]
[WhiteClock "0:04:14"]
[BlackClock "0:03:51"]

1. e4 c5 2. Nf3 e6 3. c3 d5 4. exd5 Qxd5 5. Na3 Nf6 6. d4 Nc6 7. Be3 cxd4 8. Nb5 Qd7 9. Nbxd4 Be7 10. Bb5 Qc7 11. Nxc6 bxc6 12. Bd3 Nd5 13. Qe2 Nxe3 14. Qxe3 Rb8 15. O-O-O O-O 16. Rd2 Qa5 17. Ne5 Qc7 18. Be4 Rb5 19. f4 Bf6 20. Nc4 e5 21. f5 Qe7 22. h4 h6 23. g3 Ba6 24. Nd6 Rb6 25. Bc2 c5 26. Rhd1 c4 27. Ne4 Bb5 28. Rd6 Rxd6 29. Rxd6 Rb8 30. Rxf6 gxf6 31. Qxh6 Rb6 32. g4 Ba6 33. g5 Qf8 34. Nxf6+ Rxf6 35. Qxf8+ Kxf8 36. gxf6 Bb7 37. Kd2 Kg8 38. Ke3 Bc6 39. Be4 Bd7 40. Bd5 Bxf5 41. Bxc4 Bg6 42. Bd3 Bh5 43. Bf5 1-0


[Site "http://www.Chess.com"]

[Event "FIDE World Rapid Chess Championship 2021"]
[White "Caruana, Fabiano"]
[Black "Halkias, Stelios"]
[WhiteFideId "2020009"]
[BlackFideId "4201809"]
[WhiteElo "2770"]
[BlackElo "2576"]
[Result "1-0"]
[Round "04"]
[TimeControl "900+10"]
[Date "2021.12.26"]
[WhiteClock "0:06:29"]
[BlackClock "0:01:12"]

1. e4 e5 2. Nf3 Nc6 3. Bb5 a6 4. Ba4 Bc5 5. c3 Nge7 6. d4 exd4 7. cxd4 Bb4+ 8. Bd2 Bxd2+ 9. Nbxd2 d5 10. e5 O-O 11. O-O Bg4 12. h3 Bh5 13. Bxc6 Nxc6 14. Qb3 Qd7 15. Rac1 Nd8 16. Rfe1 Ne6 17. Qe3 Bxf3 18. Nxf3 h6 19. Nh4 b6 20. Nf5 Kh7 21. Qd3 Kh8 22. Qd2 Kh7 23. Rc3 a5 24. Rg3 Rg8 25. Rc1 Rac8 26. Rcc3 g5 27. Ne3 h5 28. h4 gxh4 29. Nf5 Rg6 30. Rxg6 fxg6 31. Qh6+ 1-0


[Site "http://www.Chess.com"]

[Event "FIDE World Rapid Chess Championship 2021"]
[White "Rapport, Richard"]
[Black "Van Foreest, Jorden"]
[WhiteFideId "738590"]
[BlackFideId "1039784"]
[WhiteElo "2750"]
[BlackElo "2563"]
[Result "1/2-1/2"]
[Round "04"]
[TimeControl "900+10"]
[Date "2021.12.26"]
[WhiteClock "0:08:00"]
[BlackClock "0:03:38"]

1. e4 e5 2. Nf3 Nc6 3. g3 Nf6 4. d3 d5 5. exd5 Nxd5 6. Bg2 Bd6 7. O-O O-O 8. a3 a5 9. Nc3 Nxc3 10. bxc3 h6 11. Rb1 Rb8 12. Nd2 Be6 13. Re1 Qc8 14. Nc4 Bg4 15. Qd2 Re8 16. Nxd6 cxd6 17. Qe3 Bh3 18. Bh1 b5 19. Bd2 Qd7 20. Qe4 Ne7 21. c4 Bf5 22. Qe3 bxc4 23. Bxa5 Rxb1 24. Rxb1 Qa4 25. Qd2 cxd3 26. cxd3 Qxa3 27. Bb4 Qxd3 28. Qxd3 Bxd3 29. Rd1 e4 30. Bxd6 Nd5 31. Bg2 Nc3 32. Ra1 Ne2+ 33. Kh1 Rc8 34. h4 Rc6 35. Bb8 Rc8 36. Ba7 Ra8 37. Kh2 Nc3 38. Bh3 Bc4 39. Ra5 Nb5 40. Bb6 Rxa5 41. Bxa5 Nd4 42. Bg4 Be6 43. Bb6 Bxg4 1/2-1/2


[Site "http://www.Chess.com"]

[Event "FIDE World Rapid Chess Championship 2021"]
[White "Alonso Rosell, Alvar"]
[Black "Wojtaszek, Radoslaw"]
[WhiteFideId "2270544"]
[BlackFideId "1118358"]
[WhiteElo "2571"]
[BlackElo "2743"]
[Result "1/2-1/2"]
[Round "04"]
[TimeControl "900+10"]
[Date "2021.12.26"]
[WhiteClock "0:08:27"]
[BlackClock "0:10:32"]

1. d4 Nf6 2. Bf4 d5 3. e3 Bg4 4. Be2 Bxe2 5. Qxe2 Nbd7 6. Nf3 e6 7. O-O c5 8. Ne5 Be7 9. dxc5 Nxc5 10. c4 O-O 11. Nc3 Qb6 12. cxd5 Nxd5 13. Nxd5 exd5 14. Rfd1 Rad8 15. Nf3 Bf6 16. Be5 Bxe5 17. Nxe5 Ne6 18. Nf3 d4 19. Nxd4 Nxd4 20. Rxd4 Rxd4 21. exd4 Qxd4 22. Rd1 1/2-1/2


[Site "http://www.Chess.com"]

[Event "FIDE World Rapid Chess Championship 2021"]
[White "Dubov, Daniil"]
[Black "Socko, Bartosz"]
[WhiteFideId "24126055"]
[BlackFideId "1107038"]
[WhiteElo "2735"]
[BlackElo "2562"]
[Result "1-0"]
[Round "04"]
[TimeControl "900+10"]
[Date "2021.12.26"]
[WhiteClock "0:09:44"]
[BlackClock "0:01:54"]

1. c4 e6 2. Nc3 Bb4 3. Qc2 b6 4. a3 Bxc3 5. Qxc3 Nf6 6. Nf3 Bb7 7. g3 O-O 8. Bg2 c5 9. O-O d5 10. b4 Nbd7 11. d3 Rc8 12. b5 d4 13. Qb2 e5 14. e4 dxe3 15. Bxe3 Re8 16. Rfe1 Qc7 17. a4 Nf8 18. a5 Bxf3 19. Bxf3 Ne6 20. Ra3 Rcd8 21. Bc6 Re7 22. Rea1 Nd4 23. Bxd4 exd4 24. axb6 axb6 25. Ra8 Rf8 26. Rxf8+ Kxf8 27. Ra8+ Ne8 28. Qd2 f6 29. Qf4 Qxf4 30. gxf4 Kf7 31. Rb8 Re1+ 32. Kg2 Nd6 33. Rxb6 Nf5 34. Rb7+ Re7 35. b6 Ke6 36. Rb8 Nd6 37. Rd8 Nb7 38. Bd5+ Kf5 39. Ra8 Nd6 40. Kf3 g5 41. fxg5 fxg5 42. b7 g4+ 43. Kg2 Rxb7 44. Bxb7 Nxb7 45. Rc8 1-0


[Site "http://www.Chess.com"]

[Event "FIDE World Rapid Chess Championship 2021"]
[White "Jumabayev, Rinat"]
[Black "Salem, A.R. Saleh"]
[WhiteFideId "13702661"]
[BlackFideId "9301348"]
[WhiteElo "2562"]
[BlackElo "2729"]
[Result "1-0"]
[Round "04"]
[TimeControl "900+10"]
[Date "2021.12.26"]
[WhiteClock "0:00:46"]
[BlackClock "0:00:08"]

1. d4 d5 2. c4 e6 3. Nc3 Nf6 4. cxd5 exd5 5. Bg5 c6 6. e3 h6 7. Bh4 Be7 8. Bd3 O-O 9. Nge2 Nbd7 10. Qc2 Re8 11. O-O Nh5 12. Bxe7 Qxe7 13. Rae1 Nf8 14. Nc1 Bd7 15. f3 Rad8 16. Qf2 Bc8 17. a3 Nf6 18. b4 a5 19. Qb2 axb4 20. axb4 b5 21. Qa3 Rd7 22. Nb3 Ra7 23. Na5 Qd6 24. Qb2 Rae7 25. Qd2 Bd7 26. Na2 Ne6 27. Nc1 h5 28. Bc2 Bc8 29. Nd3 Nd7 30. Ne5 Nd8 31. f4 Nf6 32. Qc3 Rc7 33. h3 Nb7 34. Nxb7 Bxb7 35. Ra1 Bc8 36. Ra8 Nd7 37. Qd3 Nf8 38. Qa3 Rce7 39. Re1 g6 40. Qc3 Kg7 41. Kf2 Bd7 42. Ra7 f6 43. Nf3 Bc8 44. Rxe7+ Rxe7 45. Ra1 Nd7 46. Nh4 Nf8 47. Ra8 Rc7 48. Qd3 f5 49. Qc3 Be6 50. Qc5 Qxc5 51. dxc5 d4 52. e4 fxe4 53. Bxe4 Bc4 54. Nf3 Ne6 55. g3 Kf6 56. Ra6 d3 57. Ke3 h4 58. g4 Re7 59. Rxc6 Kg7 60. Rd6 Nc7 61. Rxg6+ Kf8 62. Ne5 Ne6 63. c6 d2 64. Kxd2 Nxf4 65. Rf6+ Ke8 66. c7 1-0


[Site "http://www.Chess.com"]

[Event "FIDE World Rapid Chess Championship 2021"]
[White "Theodorou, Nikolas"]
[Black "Fedoseev, Vladimir"]
[WhiteFideId "4262875"]
[BlackFideId "24130737"]
[WhiteElo "2559"]
[BlackElo "2692"]
[Result "0-1"]
[Round "04"]
[TimeControl "900+10"]
[Date "2021.12.26"]
[WhiteClock "0:00:39"]
[BlackClock "0:00:41"]

1. d4 Nf6 2. Nf3 e6 3. c4 h6 4. g3 Bb4+ 5. Bd2 Be7 6. Bg2 O-O 7. O-O d5 8. Qc2 c6 9. Nc3 dxc4 10. a4 a5 11. Rfd1 Nbd7 12. Ne5 Nxe5 13. dxe5 Nd5 14. Ne4 Qc7 15. Nd6 Bxd6 16. exd6 Qxd6 17. Qxc4 e5 18. Rac1 Be6 19. Qc5 Qxc5 20. Rxc5 Nb6 21. Ra1 Bb3 22. Ra3 Bxa4 23. Rxa5 Bb5 24. Rxa8 Rxa8 25. Rxa8+ Nxa8 26. e4 f6 27. f4 Kf7 28. Kf2 Nb6 29. b3 Nd7 30. Bb4 Bd3 31. Ke3 Bc2 32. Bh3 Nf8 33. Bc8 b6 34. Bb7 c5 35. Bd5+ Ke7 36. Bc3 Kd6 37. b4 Nd7 38. bxc5+ bxc5 39. Bf7 Nb8 40. Be8 Na6 41. h4 Nc7 42. Bf7 Nb5 43. fxe5+ fxe5 44. Ba5 Nd4 45. g4 Bb3 46. Bg6 Bd1 47. Bf5 Ba4 48. g5 hxg5 49. hxg5 Bd7 50. Bh7 Ne6 51. g6 Be8 52. Be1 Nf4 53. Bg3 Bxg6 54. Bg8 Nh5 55. Bh4 Nf6 56. Bb3 Be8 57. Bc2 Bc6 58. Bg5 c4 59. Bh4 Kc5 60. Be1 g5 61. Ba5 Kd6 62. Bd8 Ke6 63. Bc7 g4 64. Bd8 g3 65. Bxf6 Kxf6 66. Kf3 Ke6 67. Kxg3 Kd6 68. Kf3 Kc5 69. Ke3 Kb4 70. Kd2 Ba4 71. Bb1 Bb3 72. Kc1 Ka3 0-1


[Site "http://www.Chess.com"]

[Event "FIDE World Rapid Chess Championship 2021"]
[White "Onyshchuk, Volodymyr"]
[Black "Demidov, Mikhail"]
[WhiteFideId "14114038"]
[BlackFideId "4197143"]
[WhiteElo "2687"]
[BlackElo "2544"]
[Result "1/2-1/2"]
[Round "04"]
[TimeControl "900+10"]
[Date "2021.12.26"]
[WhiteClock "0:00:45"]
[BlackClock "0:00:22"]

1. Nf3 g6 2. g3 Bg7 3. Bg2 e5 4. O-O d5 5. d3 Ne7 6. Nbd2 O-O 7. e4 dxe4 8. dxe4 Nec6 9. c3 a5 10. Qc2 Be6 11. Rd1 Qe7 12. Nf1 Na7 13. Ne3 c6 14. h4 f6 15. h5 Na6 16. Nh4 Qf7 17. b3 Rfd8 18. Rxd8+ Rxd8 19. Bf1 Nb5 20. Nc4 a4 21. Be3 gxh5 22. Na5 a3 23. Nf5 Kh8 24. Bc4 Bxc4 25. bxc4 Nd6 26. Rd1 Qc7 27. Nxd6 Rxd6 28. Nxb7 Rxd1+ 29. Qxd1 Bf8 30. Nd8 Kg8 31. Ne6 Qd6 32. Qxd6 Bxd6 33. Nd8 Bc5 34. Bc1 Nb8 35. Kg2 Be7 36. Nb7 Nd7 37. Na5 Nb8 38. f4 Kf7 39. f5 Ke8 40. Kh3 Bf8 41. Kh4 Nd7 42. Be3 Bc5 43. Bd2 Bf2 44. Nb3 Nb6 45. c5 Nc4 46. Bh6 Kf7 47. Nd2 Nb2 48. Nb1 Nc4 49. Bc1 Bxc5 50. Kxh5 Nd6 51. Nd2 Be3 52. Bxa3 Nb5 53. Nc4 Nxa3 54. Nxa3 Ke7 55. Nc4 Bc1 56. a4 Kd7 57. g4 Bf4 58. a5 Kc7 59. a6 Bc1 60. g5 Bxg5 61. Nxe5 Bd2 62. Nd3 Bxc3 63. e5 fxe5 64. f6 e4 65. f7 Bg7 66. Nc5 e3 67. a7 e2 68. a8=Q e1=Q 69. Qa7+ Kd6 70. Nb7+ Kc7 71. Na5+ Kd6 72. Qb8+ Kc5 73. Nb7+ Kc4 74. Qf4+ Kb5 75. Nd6+ Kb6 76. Ne4 Qh1+ 77. Kg4 Qd1+ 78. Kg3 Qd3+ 79. Kg2 Qc2+ 80. Kh3 Qb3+ 81. Ng3 Qe6+ 82. Kh2 Qa2+ 83. Kg1 Qa1+ 84. Kg2 Qa2+ 85. Kf3 Qd5+ 86. Ne4 Qd1+ 87. Kg2 Qc2+ 88. Kh3 Qb3+ 89. Kh4 Qd5 90. Ng5 Qh1+ 91. Kg4 Qg2+ 92. Kh5 Qh1+ 93. Kg4 1/2-1/2


[Site "http://www.Chess.com"]

[Event "FIDE World Rapid Chess Championship 2021"]
[White "Bartel, Mateusz"]
[Black "Paravyan, David"]
[WhiteFideId "1112635"]
[BlackFideId "4194985"]
[WhiteElo "2543"]
[BlackElo "2671"]
[Result "1/2-1/2"]
[Round "04"]
[TimeControl "900+10"]
[Date "2021.12.26"]
[WhiteClock "0:01:54"]
[BlackClock "0:00:57"]

1. e4 e5 2. Nf3 Nc6 3. Bb5 Nf6 4. d3 Bc5 5. Bxc6 dxc6 6. O-O Qe7 7. Nbd2 Bg4 8. h3 Bh5 9. Nc4 Nd7 10. a3 O-O-O 11. b4 Bd4 12. Rb1 f5 13. exf5 e4 14. dxe4 Nf6 15. Ncd2 Bc3 16. Qe2 Bxd2 17. Bxd2 Qxe4 18. Qxe4 Nxe4 19. Bg5 Bxf3 20. Bxd8 Rxd8 21. gxf3 Nd2 22. Rbe1 Nxf3+ 23. Kg2 Nxe1+ 24. Rxe1 b5 25. Kf3 Rd5 26. Ke4 Rd7 27. Rg1 Re7+ 28. Kf4 Kd7 29. h4 Ke8 30. Rg3 Rd7 31. Rc3 Rd6 32. Rc5 Kd7 33. Rc3 Ke7 34. Ke5 Rd5+ 35. Ke4 Rd6 36. Ke5 Rd5+ 37. Ke4 Rd6 38. Ke5 Rh6 39. f4 Rxh4 40. Rxc6 Kd7 41. Rc5 c6 42. c4 bxc4 43. Rxc4 Rh5 44. Ke4 Rh3 45. a4 h5 46. b5 cxb5 47. axb5 Ra3 48. f6 gxf6 49. Kf5 h4 50. Kxf6 h3 51. f5 h2 52. Rh4 Ra2 53. Ke5 Re2+ 54. Kf4 Ke7 55. Kf3 Rb2 56. Rh6 Kf7 57. f6 Ke6 58. Kg3 Rxb5 59. Rxh2 Kxf6 60. Kf4 Rb4+ 61. Ke3 Kg5 62. Kd3 Rh4 63. Rxh4 1/2-1/2


[Site "http://www.Chess.com"]

[Event "FIDE World Rapid Chess Championship 2021"]
[White "Movsesian, Sergei"]
[Black "Petrosyan, Manuel"]
[WhiteFideId "310204"]
[BlackFideId "13300857"]
[WhiteElo "2667"]
[BlackElo "2514"]
[Result "1-0"]
[Round "04"]
[TimeControl "900+10"]
[Date "2021.12.26"]
[WhiteClock "0:00:20"]
[BlackClock "0:00:07"]

1. e4 e5 2. Nf3 Nc6 3. Bb5 a6 4. Ba4 Nf6 5. O-O Nxe4 6. d4 b5 7. Bb3 d5 8. dxe5 Be6 9. c3 Be7 10. Nbd2 O-O 11. Bc2 f5 12. exf6 Nxf6 13. h3 Qd7 14. Nb3 Bf5 15. Bg5 Bxc2 16. Qxc2 Ne4 17. Bxe7 Qxe7 18. Nfd2 Nd6 19. Rae1 Qf7 20. Nc5 a5 21. Nf3 h6 22. Re2 Rfe8 23. Rfe1 a4 24. Qd3 Rxe2 25. Rxe2 Qf5 26. Qd1 Re8 27. Rd2 Nc4 28. Rxd5 Nxb2 29. Qd2 Qb1+ 30. Kh2 Nc4 31. Qf4 Nd6 32. Na6 Rf8 33. Qe3 Re8 34. Qc5 Ne7 35. Nxc7 Ne4 36. Qd4 Nc6 37. Qb6 Rf8 38. Qxc6 Nxf2 39. Rd2 Qf1 40. Qe6+ Kh8 41. Qe1 Qc4 42. Ne6 Re8 43. Nfd4 1-0


[Site "http://www.Chess.com"]